 Dungeon Crawl Stone Soup version 0.30-a0-364-gf6b3ef1 (webtiles) character file.

Game seed: 12551583489949273014

998 Dorkslayer the Poker (level 8, -5/62 HPs)
             Began as a Merfolk Fighter on Nov 15, 2022.
             Slain by an orc warrior
             ... wielding a +0 scimitar
              (13 damage)
             ... on level 6 of the Dungeon.
             The game lasted 00:11:40 (4138 turns).

Dorkslayer the Poker (Merfolk Fighter)              Turns: 4138, Time: 00:11:41

Health: -5/62      AC: 14    Str: 19    XL:     8   Next: 19%
Magic:  8/8        EV:  8    Int:  7    God:
Gold:   200        SH:  6    Dex: 13    Spells: 7/7 levels left

rFire   . . .      SeeInvis .    a - +0 trident
rCold   . . .      Faith    .    c - +1 buckler
rNeg    . . .      Spirit   .    n - +0 chain mail
rPois   .          Reflect  .    E - +0 helmet
rElec   .          Harm     .    (no cloak)
rCorr   .          Rampage  .    B - +0 pair of gloves
Will    .....                    y - +2 pair of boots
Stlth   ..........               (no amulet)
HPRegen 0.30/turn                (no ring)
MPRegen 0.11/turn                (no ring)

@: weak-willed
A: (nimble swimmer 2), mertail
a: no special abilities


You were on level 6 of the Dungeon.
You visited 1 branch of the dungeon, and saw 6 of its levels.

You collected 200 gold pieces.

Inventory:

Hand Weapons
 a - a +0 trident (weapon)
Missiles
 z - 6 boomerangs (quivered)
Armour
 c - a +1 buckler (worn)
 n - a +0 chain mail (worn)
 y - a +2 pair of boots (worn)
 B - a +0 pair of gloves (worn)
 E - a +0 helmet (worn)
Jewellery
 b - a ring of willpower
 s - an amulet of faith
Wands
 A - a wand of flame (20)
 C - a wand of mindburst (10)
Scrolls
 f - a scroll of noise
 m - 2 scrolls of immolation
 x - a scroll of teleportation
 D - a scroll of amnesia
Potions
 e - a potion of brilliance {unknown}
 g - a potion of heal wounds
 k - a potion of haste
 l - 2 potions of degeneration
 o - 6 potions of curing {unknown}
 p - a potion of flight {unknown}
 u - a potion of ambrosia {unknown}
 v - a potion of attraction {unknown}
 w - 2 potions of lignification


   Skills:
 + Level 5.3 Fighting
 + Level 7.7 Polearms
 * Level 1.6 Throwing
 + Level 3.4 Armour
 + Level 4.3 Dodging
 + Level 0.4 Stealth
 + Level 3.9 Shields
 * Level 1.5 Evocations


You had 7 spell levels left.
You didn't know any spells.
Your spell library contained the following spells:

 Spells                   Type           Power      Damage    Failure   Level
 Shock                    Conj/Air       0%         1d3       100%        1
 Portal Projectile        Hex/Tloc       0%         N/A       100%        3
 Swiftness                Air            0%         N/A       100%        3
 Vhi's Electric Charge    Tloc/Air       0%         N/A       100%        3
 Airstrike                Air            0%         2d(0-16)  100%        4
 Anguish                  Hex/Necr       0%         N/A       100%        4
 Arcjolt                  Conj/Air       0%         1d10      100%        5
 Iron Shot                Conj/Erth      0%         9d1       100%        6
 Maxwell's Capacitive Co  Air            0%         ∞         100%        8


Dungeon Overview and Level Annotations

Branches:
Dungeon (6/15)
 Temple: D:4-7

Altars:

Shops:
D:2 [


Innate Abilities, Weirdness & Mutations

((You are very nimble when in or above water. (Stealth+, EV+, Speed+++)))
Your lower body shifts to a powerful aquatic tail in water.


Message History

The phantom hits you but does no damage.
The orc warrior hits your butterfly with a +0 scimitar!
Your butterfly dies!
Your butterfly disappears in a burst of colours!
You miss the phantom.
The phantom is almost destroyed.
The phantom barely misses you.
You miss the phantom.
The phantom is almost destroyed.
The phantom hits you but does no damage.
An orc wizard comes into view. It is wielding a +0 dagger.
You block the yak's attack.
You hit the phantom but do no damage.
The phantom is almost destroyed.
The phantom hits you. The yak gores you but does no damage.
You barely miss the phantom.
The phantom is almost destroyed.
Unknown command.
You hit the phantom but do no damage.
The phantom is almost destroyed.
The yak gores you!
* * * LOW HITPOINT WARNING * * *
The phantom hits you.
* * * LOW HITPOINT WARNING * * *
The orc wizard casts a spell.
The orc wizard flickers and vanishes!
Deactivating autopickup; reactivate with Ctrl-A.
The orc warrior hits you but does no damage.
An orc comes into view. It is wielding a +0 falchion.
You barely miss the phantom.
The phantom is almost destroyed.
The yak gores you.
* * * LOW HITPOINT WARNING * * *
You block the phantom's attack.
The orc warrior hits you but does no damage.
Unknown command.
You hit the phantom.
The phantom is almost destroyed.
The orc warrior hits you with a +0 scimitar!
You die...

.........###.#
....8........#
....8....o...#
.............#
8888}888b....#
8888.888..>..#
.............#
#.......o..#
###..##Y@W.#
####
#........#
...#
#...##..##
...### #...
##....#
.b.b.#####..#
###..#
bbbbb.b....#
..#
bbb.bbb....##
...


bbbbbbbb..b.. .#.. bbbbbbb..bb.. .... You could see a yak, an orc warrior, a
phantom and an orc.

Vanquished Creatures
  Eustachio (D:4)
  A sky beast (D:4)
  A gnoll sergeant (D:5)
  A bullfrog (D:6)
  A scorpion (D:4)
  A howler monkey (D:4)
  2 jellies
  An orc priest (D:4)
  3 hounds
  Jessica (D:3)
  Natasha (thrice) (D:3)
  3 iguanas
  An orc wizard (D:4)
  3 gnolls (D:5)
  6 adders
  An ufetubus (D:5)
  3 worms
  A dart slug (D:1)
  3 orcs
  5 endoplasms
  4 giant cockroaches
  6 goblins
  5 hobgoblins
  A jackal (D:4)
  12 kobolds
  2 quokkas (D:4)
  8 ball pythons
  4 bats
  3 frilled lizards
  5 rats
92 creatures vanquished.

Vanquished Creatures (others)
  An orc wizard (D:4)
1 creature vanquished.

Grand Total: 93 creatures vanquished

Notes
Turn   | Place    | Note
-------+----------+-------------------------------------------
     0 | D:1      | Dorkslayer the Merfolk Fighter began the quest for the Orb.
     0 | D:1      | Reached XP level 1. HP: 18/18 MP: 1/1
    88 | D:1      | Reached XP level 2. HP: 20/24 MP: 2/2
   161 | D:1      | Reached skill level 1 in Dodging
   943 | D:2      | Reached skill level 3 in Polearms
   950 | D:2      | Found Fusudelok's Armour Boutique.
  1031 | D:2      | Got the Anthology of the Trees
  1090 | D:2      | Reached XP level 3. HP: 29/29 MP: 3/3
  1425 | D:2      | Found a faded altar of an unknown god.
  1697 | D:3      | Reached XP level 4. HP: 23/37 MP: 4/4
  1974 | D:3      | Noticed Jessica
  1992 | D:3      | Killed Jessica
  2019 | D:3      | Noticed Natasha
  2031 | D:3      | Killed Natasha
  2038 | D:3      | Reached XP level 5. HP: 14/42 MP: 5/5
  2077 | D:3      | Reached skill level 4 in Polearms
  2140 | D:3      | Noticed Natasha
  2164 | D:3      | Killed Natasha
  2187 | D:3      | Noticed Natasha
  2196 | D:3      | Killed Natasha
  2758 | D:4      | Reached XP level 6. HP: 48/48 MP: 6/6
  2849 | D:4      | Noticed Eustachio
  2855 | D:4      | Reached skill level 5 in Polearms
  2889 | D:4      | Killed Eustachio
  2890 | D:4      | Reached XP level 7. HP: 39/55 MP: 7/7
  3139 | D:4      | Reached skill level 6 in Polearms
  3143 | D:4      | Identified the +6 rapier of Uncomfortable Rashes {vorpal,
                  | Str+3 Dex+3}
  3561 | D:5      | Entered Level 5 of the Dungeon
  3575 | D:4      | Reached skill level 5 in Fighting
  3680 | D:5      | Reached skill level 1 in Throwing
  3703 | D:5      | Reached skill level 7 in Polearms
  3703 | D:5      | Reached skill level 1 in Evocations
  3851 | D:5      | Reached XP level 8. HP: 46/62 MP: 8/8
  4128 | D:6      | Noticed a yak
  4138 | D:6      | Slain by an orc warrior

Illustrated notes

Levels and vault maps discovered:
D:1:      dpeg_arrival_three_same_balls, layout_basic
D:2:      layout_loops_ring, serial_shops, shop,
          hellmonk_ecumenical_altar_blasted, minmay_misc_feat_secret_circle
D:3:      layout_basic, uniq_jessica, uniq_natasha
D:4:      minmay_chambers_of_twos, layout_basic, grunt_ministairs_4,
          uniq_eustachio
D:5:      layout_cave_pools
D:6:      layout_rooms, gammafunk_ghost_cemetery, portal_sewer_entry_a,
          hellmonk_bongcloud_opening, minmay_microvault, uniq_crazy_yiuf_cottage

Skill      XL: |  1  2  3  4  5  6  7 |
---------------+----------------------+-----
Dodging        | 1 2 3 4 |  4.3
Polearms       | 3 4 5 7 |  7.7
Fighting       | 4 5 |  5.3
Armour         | 3 |  3.4
Throwing       | 1 |  1.6
Evocations     | 1 |  1.5
Stealth        | |  0.4
Shields        | |  3.9

Action                   |  1- 3 |  4- 6 |  7- 9 || total
-------------------------+-------+-------+-------++-------
Melee: Trident           |   111 |   127 |   150 ||   388
Throw: Boomerang         |       |       |     1 ||     1
  Use: Potion            |       |     4 |     1 ||     5
       Scroll            |       |       |    11 ||    11
Armor: Scale mail        |    27 |       |       ||    27
       Chain mail        |    10 |    69 |    64 ||   143
Dodge: Dodged            |    36 |    43 |    63 ||   142
Block: Buckler           |    27 |    20 |    33 ||    80

Table legend: (Time is in decaauts)
 A = Elapsed time spent in this place.
 B = Non-inter-level travel time spent in this place.
 C = Inter-level travel time spent in this place.
 D = Time resting spent in this place.
 E = Time spent auto-exploring this place.
 F = Levels seen in this place.
 G = Mean time per level.
                   A        B        C        D        E       F      G
               +--------+--------+--------+--------+--------+-----+--------+
         Total |   4159 |   4159 |      0 |      0 |   2199 |   6 |  693.2 |
       Dungeon |   4159 |   4159 |      0 |      0 |   2199 |   6 |  693.2 |
               +--------+--------+--------+--------+--------+-----+--------+

Top non-repeatable levels by time:
     D:4: 1189 daAuts
     D:1: 916 daAuts
     D:3: 875 daAuts
     D:2: 621 daAuts
     D:5: 518 daAuts
     D:6: 38 daAuts
